Blues vs Lightning
Created - March 27, 2018 at 19:00
Goals
|
| Blues |
0 |
0 |
1 |
0 |
2 |
2 |
| Lightning |
0 |
1 |
0 |
0 |
1 |
1 |
|
Shots
|
| Blues |
9 |
11 |
11 |
7 |
3 |
38 |
| Lightning |
6 |
8 |
3 |
1 |
3 |
18 |
|
1st period
No Goal
Penalties :
Yann Sauvé (STL) for Hooking (Minor) at 5:05, Jake Gardiner (STL) for Tripping (Minor) at 12:57
2nd period
1. Lightning , Daniel Carcillo 20 (Brent Burns 23, Kris Versteeg 28) at 9:31
Penalties :
Henrik Zetterberg (TB.) for Elbowing (Minor) at 3:17, John Carlson (TB.) for Charging (Minor) at 10:16, Pierre-Luc Létourneau (TB.) for Slashing (Minor) at 17:02, Sheldon Keefe (TB.) for Tripping (Minor) at 17:24
3rd period
2. Blues , Travis Zajac 31 (Victor Hedman 17, Sergei Shirokov 17) at 12:06
Penalties :
David Perron (STL) for Roughing (Minor) at 0:22, Jaroslav Halak (TB.) for Slashing (Minor) at 5:14 - Jordan Nolan served the penalty, Henrik Zetterberg (TB.) for Roughing (Minor) at 7:53, Loui Eriksson (TB.) for Hooking (Minor) at 15:10
Overtime #1
No Goal
Penalties :
No Penalty
Shootout
Penalty Shot by David Perron for Blues - Goal!
Penalty Shot by Henrik Zetterberg for Lightning - Stopped by Carey Price
Penalty Shot by Logan Couture for Blues - Goal!
Penalty Shot by Kris Versteeg for Lightning - Goal!
Penalty Shot by Nicklas Backstrom for Blues - Shot Misses the Net
Penalty Shot by Robert Nilsson for Lightning - Stopped by Carey Price
Penalties :
No Penalty
Goalie Stats
Carey Price (STL), 17 saves from 18 shots - (0.944), W, 30-26-7, 65:00 minutes
Jaroslav Halak (TB.), 37 saves from 38 shots - (0.974), OTL, 25-28-8, 65:00 minutes
Players Stats for Blues
Player Name G A P +/- PIM S H SB GA TA FO MP PP MP PK MP
------------------------------------------------------------------------------------
Alex Pietrangelo 0 0 0 0 0 7 0 0 0 0 0/0 27:48 6:39 3:26
B.J. Crombeen 0 0 0 0 0 0 1 0 0 1 0/0 12:23 5:12 0:00
Bryce Lampman 0 0 0 0 0 0 1 0 1 2 0/0 26:13 5:15 3:25
Christian Ehrhoff 0 0 0 0 0 1 0 0 0 0 0/0 14:49 0:22 0:26
David Perron 0 0 0 0 2 4 5 0 0 0 1/2 20:40 7:04 0:00
Derek Boogaard 0 0 0 0 0 1 1 0 0 0 0/0 9:14 0:00 1:15
Jake Gardiner 0 0 0 0 2 0 2 0 0 0 0/0 23:41 7:01 1:38
Jason Pominville 0 0 0 0 0 3 3 0 1 1 2/2 21:42 7:02 1:50
Linus Omark 0 0 0 -1 0 1 1 0 0 0 0/0 10:42 0:00 0:00
Logan Couture 0 0 0 -1 0 0 1 0 0 1 1/2 13:14 0:00 1:50
Milan Michalek 0 0 0 1 0 0 2 0 1 0 0/0 16:53 5:12 0:00
Nicklas Backstrom 0 0 0 0 0 7 1 0 1 0 15/25 22:36 7:04 1:24
Patrick Kaleta 0 0 0 -1 0 0 1 1 0 0 0/0 13:56 0:00 2:43
Sergei Shirokov 0 1 1 1 0 5 3 0 1 0 1/1 14:05 0:02 0:00
Tomas Plekanec 0 0 0 0 0 0 1 0 0 0 0/1 6:26 0:00 0:00
Travis Zajac 1 0 1 1 0 5 3 0 0 0 8/11 21:57 5:12 2:52
Victor Hedman 0 1 1 0 0 2 2 0 0 0 0/0 21:39 5:15 1:26
Yann Sauvé 0 0 0 0 2 2 1 0 0 0 0/0 16:02 0:00 1:33
Players Stats for Lightning
Player Name G A P +/- PIM S H SB GA TA FO MP PP MP PK MP
------------------------------------------------------------------------------------
Andy Rogers 0 0 0 0 0 1 0 1 0 1 0/0 19:48 0:00 6:36
Brent Burns 0 1 1 1 0 2 3 0 0 0 0/0 23:42 2:57 4:33
Daniel Carcillo 1 0 1 0 0 1 4 0 0 0 0/0 17:01 2:17 3:57
Danny Richmond 0 0 0 1 0 1 2 1 0 0 0/0 22:52 3:00 4:48
Henrik Zetterberg 0 0 0 0 4 2 5 1 0 1 0/4 20:28 3:32 1:43
Jeff Schultz 0 0 0 -1 0 1 0 1 0 0 0/0 26:30 3:00 7:14
John Carlson 0 0 0 -1 2 1 4 3 1 0 0/0 22:03 2:57 1:07
Jordan Nolan 0 0 0 0 0 1 2 0 0 0 5/12 18:26 0:08 4:43
Justin Schultz 0 0 0 0 0 0 2 0 1 2 0/0 15:08 0:00 0:14
Kris Versteeg 0 1 1 0 0 1 2 2 2 0 0/0 16:26 3:32 0:22
Loui Eriksson 0 0 0 0 2 0 2 0 0 0 0/0 13:35 0:08 0:33
Mikael Backlund 0 0 0 0 0 0 0 0 0 0 1/4 4:43 0:00 0:13
Pierre-Luc Létourneau 0 0 0 0 2 1 1 0 0 0 0/0 8:18 0:00 0:11
Pierre-Marc Bouchard 0 0 0 0 0 1 2 0 0 0 4/6 15:52 2:17 3:46
Reilly Smith 0 0 0 0 0 0 1 0 0 0 0/0 13:15 0:08 0:00
Robert Nilsson 0 0 0 0 0 5 2 1 1 1 6/18 20:54 3:32 1:49
Sheldon Keefe 0 0 0 0 2 0 1 1 0 0 0/0 15:48 0:00 5:37
Steve Bernier 0 0 0 0 0 0 1 0 0 0 0/0 11:12 2:17 0:00
3 Stars
1 - Jaroslav Halak (TB.)
2 - Travis Zajac (STL)
3 - Daniel Carcillo (TB.)
Power Play
Blues - 0 on 7 Attempt(s) - 0.00%
Lightning - 0 on 3 Attempt(s) - 0.00%
Penalty Kill
Blues - 3 on 3 Attempt(s) - 100.00%
- Score 0 goal in Penalty Kill
Lightning - 7 on 7 Attempt(s) - 100.00%
- Score 0 goal in Penalty Kill
Team Stat
Blues - Hits : 29 - Faceoff Wins : 28 - Blocked Shots : 1 - Penalty Minutes : 6
Lightning - Hits : 34 - Faceoff Wins : 16 - Blocked Shots : 11 - Penalty Minutes : 14
Official
Referees : Jackson Dave and Pollock Kevin
Linesman : Mike Cvik and Andy McElman
Game Notes
Mikael Backlund is injured at 3:30 of 2nd period (Abdominal Strain)
Finance
Level 1 -- Attendance: 3879 (64.65%) -- Ticket Income $446,085
Level 2 -- Attendance: 3354 (67.08%) -- Ticket Income $214,656
Level 3 -- Attendance: 1250 (62.50%) -- Ticket Income $55,000
Level 4 -- Attendance: 2256 (56.40%) -- Ticket Income $90,240
Luxury Box -- Attendance: 605 (60.50%) -- Ticket Income $130,075
Game was played at the Tampa Bay Stadium.
Total Attendance: 11344 (63.02%)
Total Ticket Income: $936,056
Other Income: $140,408
Total Income: $1,076,464
Blues
5 vs 5 Forward
Center Left Wing Right Wing Time % Phy DF OF
1 Nicklas Backstrom David Perron Jason Pominville 40 1 2 2
2 Travis Zajac Milan Michalek Sergei Shirokov 30 1 2 2
3 Logan Couture Linus Omark Patrick Kaleta 20 1 2 2
4 Tomas Plekanec Derek Boogaard B.J. Crombeen 10 1 2 2
5 vs 5 Defense
Defense Defense Time % Phy DF OF
1 Alex Pietrangelo Bryce Lampman 40 1 2 2
2 Jake Gardiner Victor Hedman 30 1 2 2
3 Christian Ehrhoff Yann Sauvé 20 1 2 2
4 Jake Gardiner Yann Sauvé 10 1 2 2
PowerPlay Forward
Center Left Wing Right Wing Time % Phy DF OF
1 Nicklas Backstrom David Perron Jason Pominville 60 1 2 2
2 Travis Zajac Milan Michalek B.J. Crombeen 40 1 2 2
PowerPlay Defense
Defense Defense Time % Phy DF OF
1 Jake Gardiner Alex Pietrangelo 60 1 2 2
2 Victor Hedman Bryce Lampman 40 1 2 2
Penalty Kill 4 Players Forward
Center Wing Time % Phy DF OF
1 Travis Zajac Patrick Kaleta 60 1 2 2
2 Logan Couture Jason Pominville 40 1 2 2
Penalty Kill 4 Players Defense
Defense Defense Time % Phy DF OF
1 Alex Pietrangelo Bryce Lampman 60 1 2 2
2 Yann Sauvé Jake Gardiner 40 1 2 2
Penalty Kill - 3 Players Forward
Forward Time % Phy DF OF
1 Travis Zajac 60 1 2 2
2 Tomas Plekanec 40 1 2 2
Penalty Kill - 3 Players Defense
Defense Defense Time % Phy DF OF
1 Bryce Lampman Yann Sauvé 60 1 2 2
2 Alex Pietrangelo Jake Gardiner 40 1 2 2
4 vs 4 Forward
Center Wing Time % Phy DF OF
1 Travis Zajac Sergei Shirokov 60 1 2 2
2 Nicklas Backstrom Linus Omark 40 1 2 2
4 vs 4 Defense
Defense Defense Time % Phy DF OF
1 Victor Hedman Alex Pietrangelo 60 1 2 2
2 Bryce Lampman Jake Gardiner 40 1 2 2
Last Minutes Offensive
Center Left Wing Right Wing Defense Defense
Nicklas Backstrom David Perron Jason Pominville Jake Gardiner Alex Pietrangelo
Last Minutes Defensive
Center Left Wing Right Wing Defense Defense
Travis Zajac Milan Michalek Patrick Kaleta Bryce Lampman Yann Sauvé
Goaltenders
Starting : Carey Price
Backup : Ray Emery
Extra Forwards
Normal : Patrick Kaleta, Logan Couture, David Perron - PP : Sergei Shirokov, Tomas Plekanec - PK : Nicklas Backstrom
Extra Defensemen
Normal : Jake Gardiner, Yann Sauvé, Victor Hedman - PP : Christian Ehrhoff - PK : Alex Pietrangelo, Victor Hedman
Penalty Shots
David Perron, Logan Couture, Nicklas Backstrom, Sergei Shirokov, Travis Zajac
Scratches
Marcel Hossa (Healthy), Rickard Wallin (Healthy)
Lightning
5 vs 5 Forward
Center Left Wing Right Wing Time % Phy DF OF
1 Robert Nilsson Henrik Zetterberg Reilly Smith 40 1 2 2
2 Jordan Nolan Daniel Carcillo Kris Versteeg 30 1 2 2
3 Pierre-Marc Bouchard Loui Eriksson Steve Bernier 20 1 2 2
4 Mikael Backlund Pierre-Luc Létourneau Sheldon Keefe 10 1 2 2
5 vs 5 Defense
Defense Defense Time % Phy DF OF
1 Jeff Schultz John Carlson 40 1 2 2
2 Brent Burns Danny Richmond 30 1 2 2
3 Andy Rogers Justin Schultz 20 1 2 2
4 Jeff Schultz Brent Burns 10 1 2 2
PowerPlay Forward
Center Left Wing Right Wing Time % Phy DF OF
1 Robert Nilsson Henrik Zetterberg Kris Versteeg 60 1 2 2
2 Pierre-Marc Bouchard Daniel Carcillo Steve Bernier 40 1 2 2
PowerPlay Defense
Defense Defense Time % Phy DF OF
1 John Carlson Brent Burns 60 1 2 2
2 Jeff Schultz Danny Richmond 40 1 2 2
Penalty Kill 4 Players Forward
Center Wing Time % Phy DF OF
1 Mikael Backlund Sheldon Keefe 60 1 2 2
2 Robert Nilsson Daniel Carcillo 40 1 2 2
Penalty Kill 4 Players Defense
Defense Defense Time % Phy DF OF
1 Jeff Schultz Andy Rogers 60 1 2 2
2 Brent Burns Danny Richmond 40 1 2 2
Penalty Kill - 3 Players Forward
Forward Time % Phy DF OF
1 Henrik Zetterberg 60 1 2 2
2 Kris Versteeg 40 1 2 2
Penalty Kill - 3 Players Defense
Defense Defense Time % Phy DF OF
1 Jeff Schultz Brent Burns 60 1 2 2
2 John Carlson Danny Richmond 40 1 2 2
4 vs 4 Forward
Center Wing Time % Phy DF OF
1 Robert Nilsson Kris Versteeg 60 1 2 2
2 Jordan Nolan Henrik Zetterberg 40 1 2 2
4 vs 4 Defense
Defense Defense Time % Phy DF OF
1 Jeff Schultz Brent Burns 60 1 2 2
2 John Carlson Danny Richmond 40 1 2 2
Last Minutes Offensive
Center Left Wing Right Wing Defense Defense
Robert Nilsson Henrik Zetterberg Kris Versteeg Jeff Schultz Brent Burns
Last Minutes Defensive
Center Left Wing Right Wing Defense Defense
Robert Nilsson Henrik Zetterberg Kris Versteeg Jeff Schultz Brent Burns
Goaltenders
Starting : Jaroslav Halak
Backup : Adam Munro
Extra Forwards
Normal : Jordan Nolan, Loui Eriksson, Sheldon Keefe - PP : Jordan Nolan, Loui Eriksson - PK : Sheldon Keefe
Extra Defensemen
Normal : Andy Rogers, Justin Schultz, John Carlson - PP : Andy Rogers - PK : Justin Schultz, John Carlson
Penalty Shots
Henrik Zetterberg, Kris Versteeg, Robert Nilsson, Pierre-Marc Bouchard, Jordan Nolan
Scratches
None
% Time on Ice - Blues
Lines # - Real PCT - Wanted PCT - Time Play
Normal Forward
1 - 33% - 40% - 13:36
2 - 29% - 30% - 12:15
3 - 23% - 20% - 9:30
4 - 15% - 10% - 6:26
Normal Defense
1 - 38% - 40% - 15:51
2 - 30% - 30% - 12:26
3 - 28% - 20% - 11:33
4 - 5% - 10% - 1:57
PP Forward
1 - 58% - 60% - 7:04
2 - 42% - 40% - 5:12
PP Defense
1 - 57% - 60% - 7:01
2 - 43% - 40% - 5:15
PK Forward
1 - 69% - 60% - 4:07
2 - 31% - 40% - 1:50
PK Defense
1 - 59% - 60% - 3:31
2 - 41% - 40% - 2:26
PK3 Forward
1 - 0% - 60%
2 - 0% - 40%
PK3 Defense
1 - 0% - 60%
2 - 0% - 40%
44 Forward
1 - 76% - 60% - 3:48
2 - 24% - 40% - 1:12
44 Defense
1 - 63% - 60% - 3:09
2 - 37% - 40% - 1:51
Last Minute Offensive - 0:00
Last Minute Defensive - 0:00
Total
Forward - 65:00
Defense - 65:00
|
% Time on Ice - Lightning
Lines # - Real PCT - Wanted PCT - Time Play
Normal Forward
1 - 35% - 40% - 14:47
2 - 24% - 30% - 10:00
3 - 21% - 20% - 8:52
4 - 19% - 10% - 8:08
Normal Defense
1 - 39% - 40% - 16:18
2 - 34% - 30% - 14:02
3 - 26% - 20% - 10:46
4 - 2% - 10% - 0:41
PP Forward
1 - 62% - 60% - 3:40
2 - 38% - 40% - 2:17
PP Defense
1 - 50% - 60% - 2:57
2 - 50% - 40% - 3:00
PK Forward
1 - 92% - 60% - 9:45
2 - 8% - 40% - 0:54
PK Defense
1 - 62% - 60% - 6:36
2 - 38% - 40% - 4:03
PK3 Forward
1 - 77% - 60% - 1:15
2 - 23% - 40% - 0:22
PK3 Defense
1 - 54% - 60% - 0:52
2 - 46% - 40% - 0:45
44 Forward
1 - 74% - 60% - 3:41
2 - 26% - 40% - 1:19
44 Defense
1 - 64% - 60% - 3:12
2 - 36% - 40% - 1:48
Last Minute Offensive - 0:00
Last Minute Defensive - 0:00
Total
Forward - 65:00
Defense - 65:00
|
Play by Play
1st period
0:01 of 1st period - Robert Nilsson wins face-off versus David Perron in neutral zone.
0:12 of 1st period - Snap shot by Robert Nilsson.
0:12 of 1st period - Stopped by Carey Price without a rebound.
0:13 of 1st period - Jordan Nolan wins face-off versus Travis Zajac in Blues zone.
0:24 of 1st period - Slapshot by Kris Versteeg.
0:24 of 1st period - Shot Misses the Net.
0:26 of 1st period - Wrist shot by Jordan Nolan.
0:26 of 1st period - Stopped by Carey Price with a rebound.
0:28 of 1st period - Snap shot by Jordan Nolan.
0:28 of 1st period - Shot Misses the Net.
0:38 of 1st period - Victor Hedman is hit by Brent Burns and loses puck.
0:47 of 1st period - Slapshot by Pierre-Marc Bouchard.
0:47 of 1st period - Shot Blocked by Patrick Kaleta.
0:49 of 1st period - Snap shot by Andy Rogers.
0:49 of 1st period - Stopped by Carey Price without a rebound.
0:50 of 1st period - Nicklas Backstrom wins face-off versus Robert Nilsson in Blues zone.
2:23 of 1st period - Slapshot by Jason Pominville.
2:23 of 1st period - Stopped by Jaroslav Halak with a rebound.
2:25 of 1st period - Slapshot by Christian Ehrhoff.
2:25 of 1st period - Stopped by Jaroslav Halak with a rebound.
2:27 of 1st period - Wrist shot by Jason Pominville.
2:27 of 1st period - Stopped by Jaroslav Halak with a rebound.
2:29 of 1st period - Slapshot by Yann Sauvé.
2:29 of 1st period - Shot Blocked by John Carlson.
3:14 of 1st period - Off-side.
3:15 of 1st period - Nicklas Backstrom wins face-off versus Pierre-Marc Bouchard in neutral zone.
3:18 of 1st period - Slapshot by Alex Pietrangelo.
3:18 of 1st period - Stopped by Jaroslav Halak without a rebound.
3:19 of 1st period - Pierre-Marc Bouchard wins face-off versus Nicklas Backstrom in Lightning zone.
4:53 of 1st period - Loui Eriksson is hit by David Perron and loses puck.
5:05 of 1st period - Minor Penalty to Yann Sauvé for Hooking.
5:06 of 1st period - Travis Zajac wins face-off versus Robert Nilsson in Blues zone.
7:05 of 1st period - Penalty to Yann Sauvé is over, Yann Sauvé is back on ice.
7:24 of 1st period - John Carlson is hit by Travis Zajac and loses puck.
8:49 of 1st period - Snap shot by Travis Zajac.
8:49 of 1st period - Shot Blocked by Robert Nilsson.
8:59 of 1st period - Christian Ehrhoff is hit by Brent Burns and loses puck.
9:10 of 1st period - Logan Couture is hit by Loui Eriksson and loses puck.
9:23 of 1st period - Wrist shot by Nicklas Backstrom.
9:23 of 1st period - Stopped by Jaroslav Halak with a rebound.
9:43 of 1st period - Wrist shot by B.J. Crombeen.
9:43 of 1st period - Shot Misses the Net.
10:02 of 1st period - Daniel Carcillo is hit by Travis Zajac and loses puck.
10:17 of 1st period - Patrick Kaleta is hit by Reilly Smith and loses puck.
10:39 of 1st period - Derek Boogaard is hit by John Carlson and loses puck.
11:12 of 1st period - Travis Zajac is hit by Henrik Zetterberg and loses puck.
11:21 of 1st period - Danny Richmond is hit by Milan Michalek and loses puck.
11:54 of 1st period - Yann Sauvé is hit by Steve Bernier and loses puck.
12:11 of 1st period - Christian Ehrhoff is hit by Sheldon Keefe and loses puck.
12:57 of 1st period - Minor Penalty to Jake Gardiner for Tripping.
12:58 of 1st period - Travis Zajac wins face-off versus Robert Nilsson in Blues zone.
13:07 of 1st period - Snap shot by Henrik Zetterberg.
13:07 of 1st period - Shot Misses the Net.
13:09 of 1st period - Snap shot by Henrik Zetterberg.
13:09 of 1st period - Stopped by Carey Price with a rebound.
13:31 of 1st period - Alex Pietrangelo is hit by Daniel Carcillo and loses puck.
14:04 of 1st period - Yann Sauvé is hit by Pierre-Marc Bouchard and loses puck.
14:20 of 1st period - Henrik Zetterberg is hit by Logan Couture and loses puck.
14:49 of 1st period - Alex Pietrangelo is hit by Robert Nilsson and loses puck.
14:57 of 1st period - Penalty to Jake Gardiner is over, Jake Gardiner is back on ice.
15:08 of 1st period - Snap shot by Robert Nilsson.
15:08 of 1st period - Shot Misses the Net.
15:10 of 1st period - Wrist shot by Robert Nilsson.
15:10 of 1st period - Stopped by Carey Price without a rebound.
15:11 of 1st period - Travis Zajac wins face-off versus Pierre-Marc Bouchard in Blues zone.
15:24 of 1st period - Jeff Schultz is hit by Sergei Shirokov and loses puck.
15:35 of 1st period - Snap shot by David Perron.
15:35 of 1st period - Stopped by Jaroslav Halak without a rebound.
15:36 of 1st period - David Perron wins face-off versus Mikael Backlund in Lightning zone.
15:37 of 1st period - Wrist shot by Nicklas Backstrom.
15:37 of 1st period - Stopped by Jaroslav Halak with a rebound.
15:39 of 1st period - Snap shot by David Perron.
15:39 of 1st period - Shot Misses the Net.
15:41 of 1st period - Slapshot by Nicklas Backstrom.
15:41 of 1st period - Deflect By Brent Burns.
15:41 of 1st period - Shot Misses the Net.
15:41 of 1st period - Puck is out of play.
15:42 of 1st period - Nicklas Backstrom wins face-off versus Mikael Backlund in Lightning zone.
15:57 of 1st period - Slapshot by Danny Richmond.
15:57 of 1st period - Stopped by Carey Price with a rebound.
16:39 of 1st period - Wrist shot by David Perron.
16:39 of 1st period - Shot Misses the Net.
16:45 of 1st period - Yann Sauvé is hit by Daniel Carcillo and loses puck.
17:22 of 1st period - Wrist shot by David Perron.
17:22 of 1st period - Stopped by Jaroslav Halak without a rebound.
17:23 of 1st period - Travis Zajac wins face-off versus Robert Nilsson in Lightning zone.
17:50 of 1st period - Linus Omark is hit by Jordan Nolan and loses puck.
17:57 of 1st period - Victor Hedman is hit by Daniel Carcillo and loses puck.
18:11 of 1st period - Wrist shot by Derek Boogaard.
18:11 of 1st period - Stopped by Jaroslav Halak with a rebound.
18:13 of 1st period - Slapshot by Victor Hedman.
18:13 of 1st period - Shot Blocked by Danny Richmond.
18:15 of 1st period - Slapshot by Victor Hedman.
18:15 of 1st period - Shot Misses the Net.
19:07 of 1st period - Daniel Carcillo is hit by B.J. Crombeen.
19:22 of 1st period - Andy Rogers is hit by Bryce Lampman and loses puck.
19:59 of 1st period - Slapshot by Pierre-Marc Bouchard.
19:59 of 1st period - Shot Misses the Net.
Goals for this period are 0 for Blues vs 0 for Lightning .
Shots for this period are 9 for Blues vs 6 for Lightning .
2nd period
0:01 of 2nd period - Nicklas Backstrom wins face-off versus Robert Nilsson in neutral zone.
0:10 of 2nd period - Snap shot by Nicklas Backstrom.
0:10 of 2nd period - Stopped by Jaroslav Halak without a rebound.
0:11 of 2nd period - Nicklas Backstrom wins face-off versus Robert Nilsson in Lightning zone.
0:57 of 2nd period - Snap shot by Pierre-Marc Bouchard.
0:57 of 2nd period - Stopped by Carey Price with a rebound.
0:59 of 2nd period - Snap shot by Loui Eriksson.
0:59 of 2nd period - Shot Misses the Net.
1:01 of 2nd period - Slapshot by Brent Burns.
1:01 of 2nd period - Stopped by Carey Price without a rebound.
1:02 of 2nd period - Logan Couture wins face-off versus Robert Nilsson in Blues zone.
1:02 of 2nd period - Logan Couture is hit by Justin Schultz.
1:28 of 2nd period - Kris Versteeg is hit by David Perron and loses puck.
2:20 of 2nd period - John Carlson is hit by Milan Michalek and loses puck.
2:48 of 2nd period - Slapshot by Jeff Schultz.
2:48 of 2nd period - Stopped by Carey Price with a rebound.
3:00 of 2nd period - Wrist shot by Sergei Shirokov.
3:00 of 2nd period - Deflect By Travis Zajac.
3:00 of 2nd period - Stopped by Jaroslav Halak without a rebound.
3:01 of 2nd period - Nicklas Backstrom wins face-off versus Robert Nilsson in Lightning zone.
3:17 of 2nd period - Minor Penalty to Henrik Zetterberg for Elbowing.
3:18 of 2nd period - Nicklas Backstrom wins face-off versus Mikael Backlund in Lightning zone.
3:20 of 2nd period - Slapshot by Nicklas Backstrom.
3:20 of 2nd period - Stopped by Jaroslav Halak with a rebound.
3:22 of 2nd period - Slapshot by Jake Gardiner.
3:22 of 2nd period - Shot Blocked by Jeff Schultz.
3:24 of 2nd period - Wrist shot by Nicklas Backstrom.
3:24 of 2nd period - Shot Blocked by Andy Rogers.
3:26 of 2nd period - Slapshot by Alex Pietrangelo.
3:26 of 2nd period - Deflect By Jeff Schultz.
3:26 of 2nd period - Stopped by Jaroslav Halak with a rebound.
3:28 of 2nd period - Slapshot by Jake Gardiner.
3:28 of 2nd period - Deflect By Jason Pominville.
3:28 of 2nd period - Shot Blocked by Sheldon Keefe.
3:28 of 2nd period - Puck is out of play.
3:29 of 2nd period - Mikael Backlund wins face-off versus Nicklas Backstrom in Lightning zone.
3:29 of 2nd period - Mikael Backlund is hit by Jake Gardiner.
3:30 of 2nd period - Mikael Backlund from Lightning is injured at 3:30 of 2nd period (Abdominal Strain).
3:31 of 2nd period - Nicklas Backstrom wins face-off versus Jordan Nolan in Lightning zone.
3:42 of 2nd period - Snap shot by David Perron.
3:42 of 2nd period - Shot Misses the Net.
5:00 of 2nd period - Danny Richmond is hit by Jason Pominville and loses puck.
5:17 of 2nd period - Penalty to Henrik Zetterberg is over, Henrik Zetterberg is back on ice.
5:25 of 2nd period - Slapshot by Robert Nilsson.
5:25 of 2nd period - Stopped by Carey Price with a rebound.
5:31 of 2nd period - Jeff Schultz is hit by Linus Omark and loses puck.
6:07 of 2nd period - Linus Omark is hit by Pierre-Luc Létourneau and loses puck.
7:57 of 2nd period - Reilly Smith is hit by Patrick Kaleta and loses puck.
8:14 of 2nd period - Icing by Jordan Nolan.
8:15 of 2nd period - Jordan Nolan wins face-off versus Travis Zajac in Lightning zone.
8:21 of 2nd period - Victor Hedman is hit by Justin Schultz and loses puck.
8:35 of 2nd period - Off-side.
8:36 of 2nd period - Pierre-Marc Bouchard wins face-off versus Nicklas Backstrom in neutral zone.
9:03 of 2nd period - Reilly Smith is hit by Sergei Shirokov and loses puck.
9:31 of 2nd period - Slapshot by Daniel Carcillo.
9:31 of 2nd period - Goal by Daniel Carcillo - Blues : 0 - Lightning : 1.
9:32 of 2nd period - Robert Nilsson wins face-off versus Nicklas Backstrom in neutral zone.
9:35 of 2nd period - Wrist shot by Robert Nilsson.
9:35 of 2nd period - Stopped by Carey Price with a rebound.
9:59 of 2nd period - Jeff Schultz is hit by Travis Zajac and loses puck.
10:16 of 2nd period - Minor Penalty to John Carlson for Charging.
10:17 of 2nd period - Nicklas Backstrom wins face-off versus Jordan Nolan in Lightning zone.
12:16 of 2nd period - Penalty to John Carlson is over, John Carlson is back on ice.
12:32 of 2nd period - Christian Ehrhoff is hit by Robert Nilsson and loses puck.
12:47 of 2nd period - Derek Boogaard is hit by Pierre-Marc Bouchard and loses puck.
13:00 of 2nd period - Danny Richmond is hit by Yann Sauvé and loses puck.
13:43 of 2nd period - Icing by Bryce Lampman.
13:44 of 2nd period - Jordan Nolan wins face-off versus Tomas Plekanec in Blues zone.
13:49 of 2nd period - Snap shot by Pierre-Luc Létourneau.
13:49 of 2nd period - Deflect By Bryce Lampman.
13:49 of 2nd period - Stopped by Carey Price with a rebound.
14:01 of 2nd period - David Perron is hit by Kris Versteeg and loses puck.
14:10 of 2nd period - Snap shot by Nicklas Backstrom.
14:10 of 2nd period - Stopped by Jaroslav Halak with a rebound.
14:12 of 2nd period - Snap shot by Nicklas Backstrom.
14:12 of 2nd period - Stopped by Jaroslav Halak with a rebound.
14:22 of 2nd period - Loui Eriksson is hit by Victor Hedman and loses puck.
14:47 of 2nd period - Slapshot by Sergei Shirokov.
14:47 of 2nd period - Stopped by Jaroslav Halak with a rebound.
14:49 of 2nd period - Slapshot by Alex Pietrangelo.
14:49 of 2nd period - Stopped by Jaroslav Halak without a rebound.
14:50 of 2nd period - Robert Nilsson wins face-off versus Nicklas Backstrom in Lightning zone.
14:52 of 2nd period - Icing by Brent Burns.
14:53 of 2nd period - Robert Nilsson wins face-off versus Nicklas Backstrom in Lightning zone.
14:53 of 2nd period - Robert Nilsson is hit by Jason Pominville.
16:21 of 2nd period - Wrist shot by Pierre-Marc Bouchard.
16:21 of 2nd period - Shot Misses the Net.
16:38 of 2nd period - Travis Zajac is hit by Jordan Nolan and loses puck.
17:02 of 2nd period - Minor Penalty to Pierre-Luc Létourneau for Slashing.
17:03 of 2nd period - Nicklas Backstrom wins face-off versus Jordan Nolan in Lightning zone.
17:24 of 2nd period - Minor Penalty to Sheldon Keefe for Tripping.
17:25 of 2nd period - Nicklas Backstrom wins face-off versus Henrik Zetterberg in Lightning zone.
17:40 of 2nd period - Slapshot by Jason Pominville.
17:40 of 2nd period - Stopped by Jaroslav Halak without a rebound.
17:41 of 2nd period - Nicklas Backstrom wins face-off versus Henrik Zetterberg in Lightning zone.
18:14 of 2nd period - Snap shot by B.J. Crombeen.
18:14 of 2nd period - Shot Blocked by Henrik Zetterberg.
18:16 of 2nd period - Snap shot by Travis Zajac.
18:16 of 2nd period - Stopped by Jaroslav Halak without a rebound.
18:17 of 2nd period - Jason Pominville wins face-off versus Henrik Zetterberg in Lightning zone.
18:20 of 2nd period - Wrist shot by Alex Pietrangelo.
18:20 of 2nd period - Stopped by Jaroslav Halak with a rebound.
18:48 of 2nd period - Snap shot by Alex Pietrangelo.
18:48 of 2nd period - Shot Misses the Net.
18:50 of 2nd period - Slapshot by Jake Gardiner.
18:50 of 2nd period - Shot Misses the Net.
18:54 of 2nd period - Slapshot by Alex Pietrangelo.
18:54 of 2nd period - Shot Blocked by John Carlson.
19:02 of 2nd period - Penalty to Pierre-Luc Létourneau is over, Pierre-Luc Létourneau is back on ice.
19:20 of 2nd period - Snap shot by John Carlson.
19:20 of 2nd period - Stopped by Carey Price with a rebound.
19:24 of 2nd period - Penalty to Sheldon Keefe is over, Sheldon Keefe is back on ice.
Goals for this period are 0 for Blues vs 1 for Lightning .
Shots for this period are 11 for Blues vs 8 for Lightning .
3rd period
0:01 of 3rd period - Robert Nilsson wins face-off versus Nicklas Backstrom in neutral zone.
0:22 of 3rd period - Minor Penalty to David Perron for Roughing.
0:23 of 3rd period - Robert Nilsson wins face-off versus Travis Zajac in Blues zone.
0:28 of 3rd period - Snap shot by Kris Versteeg.
0:28 of 3rd period - Stopped by Carey Price with a rebound.
0:38 of 3rd period - Bryce Lampman is hit by John Carlson and loses puck.
0:49 of 3rd period - Bryce Lampman is hit by John Carlson and loses puck.
2:22 of 3rd period - Penalty to David Perron is over, David Perron is back on ice.
2:25 of 3rd period - David Perron is hit by Loui Eriksson and loses puck.
3:09 of 3rd period - Jeff Schultz is hit by Sergei Shirokov and loses puck.
4:17 of 3rd period - Daniel Carcillo is hit by Tomas Plekanec.
4:27 of 3rd period - Victor Hedman is hit by Henrik Zetterberg and loses puck.
4:57 of 3rd period - Danny Richmond is hit by David Perron and loses puck.
5:10 of 3rd period - Snap shot by Logan Couture.
5:10 of 3rd period - Shot Blocked by Kris Versteeg.
5:12 of 3rd period - Slapshot by Yann Sauvé.
5:12 of 3rd period - Stopped by Jaroslav Halak with a rebound.
5:14 of 3rd period - Slapshot by Yann Sauvé.
5:14 of 3rd period - Stopped by Jaroslav Halak without a rebound.
5:14 of 3rd period - Minor Penalty to Jaroslav Halak for Slashing.
5:15 of 3rd period - Pierre-Marc Bouchard wins face-off versus Nicklas Backstrom in Lightning zone.
5:26 of 3rd period - Snap shot by David Perron.
5:26 of 3rd period - Shot Misses the Net.
5:47 of 3rd period - Off-side.
5:48 of 3rd period - Pierre-Marc Bouchard wins face-off versus Nicklas Backstrom in neutral zone.
7:04 of 3rd period - Jeff Schultz is hit by Jake Gardiner and loses puck.
7:14 of 3rd period - Penalty to Jordan Nolan is over, Jordan Nolan is back on ice.
7:21 of 3rd period - Patrick Kaleta is hit by Daniel Carcillo and loses puck.
7:53 of 3rd period - Minor Penalty to Henrik Zetterberg for Roughing.
7:54 of 3rd period - Jason Pominville wins face-off versus Jordan Nolan in Lightning zone.
9:37 of 3rd period - Loui Eriksson is hit by David Perron.
9:53 of 3rd period - Penalty to Henrik Zetterberg is over, Henrik Zetterberg is back on ice.
10:26 of 3rd period - Sheldon Keefe is hit by Derek Boogaard and loses puck.
11:18 of 3rd period - Icing by Sheldon Keefe.
11:19 of 3rd period - Jordan Nolan wins face-off versus Logan Couture in Lightning zone.
11:26 of 3rd period - Slapshot by Brent Burns.
11:26 of 3rd period - Stopped by Carey Price with a rebound.
11:28 of 3rd period - Snap shot by Robert Nilsson.
11:28 of 3rd period - Stopped by Carey Price with a rebound.
11:50 of 3rd period - Slapshot by Alex Pietrangelo.
11:50 of 3rd period - Shot Blocked by John Carlson.
11:52 of 3rd period - Slapshot by Alex Pietrangelo.
11:52 of 3rd period - Stopped by Jaroslav Halak without a rebound.
11:53 of 3rd period - Travis Zajac wins face-off versus Jordan Nolan in Lightning zone.
11:58 of 3rd period - Wrist shot by Travis Zajac.
11:58 of 3rd period - Stopped by Jaroslav Halak with a rebound.
12:00 of 3rd period - Wrist shot by Travis Zajac.
12:00 of 3rd period - Stopped by Jaroslav Halak with a rebound.
12:02 of 3rd period - Slapshot by Sergei Shirokov.
12:02 of 3rd period - Stopped by Jaroslav Halak with a rebound.
12:04 of 3rd period - Wrist shot by Sergei Shirokov.
12:04 of 3rd period - Stopped by Jaroslav Halak with a rebound.
12:06 of 3rd period - Slapshot by Victor Hedman.
12:06 of 3rd period - Deflect By Travis Zajac.
12:06 of 3rd period - Goal by Travis Zajac - Blues : 1 - Lightning : 1.
12:07 of 3rd period - Nicklas Backstrom wins face-off versus Robert Nilsson in neutral zone.
12:34 of 3rd period - Nicklas Backstrom is hit by John Carlson and loses puck.
12:49 of 3rd period - Slapshot by David Perron.
12:49 of 3rd period - Stopped by Jaroslav Halak without a rebound.
12:50 of 3rd period - Travis Zajac wins face-off versus Henrik Zetterberg in Lightning zone.
13:17 of 3rd period - Linus Omark is hit by Danny Richmond and loses puck.
13:46 of 3rd period - Jeff Schultz is hit by David Perron and loses puck.
14:15 of 3rd period - Yann Sauvé is hit by Henrik Zetterberg.
15:10 of 3rd period - Minor Penalty to Loui Eriksson for Hooking.
15:11 of 3rd period - Jordan Nolan wins face-off versus Nicklas Backstrom in Lightning zone.
15:20 of 3rd period - Slapshot by Alex Pietrangelo.
15:20 of 3rd period - Deflect By Nicklas Backstrom.
15:20 of 3rd period - Stopped by Jaroslav Halak with a rebound.
15:22 of 3rd period - Slapshot by Jake Gardiner.
15:22 of 3rd period - Deflect By Jason Pominville.
15:22 of 3rd period - Shot Misses the Net.
15:22 of 3rd period - Puck is out of play.
15:23 of 3rd period - Nicklas Backstrom wins face-off versus Jordan Nolan in Lightning zone.
15:24 of 3rd period - Snap shot by David Perron.
15:24 of 3rd period - Stopped by Jaroslav Halak without a rebound.
15:25 of 3rd period - Nicklas Backstrom wins face-off versus Jordan Nolan in Lightning zone.
17:10 of 3rd period - Penalty to Loui Eriksson is over, Loui Eriksson is back on ice.
17:10 of 3rd period - Andy Rogers is hit by Jason Pominville and loses puck.
19:03 of 3rd period - Nicklas Backstrom is hit by Danny Richmond and loses puck.
Goals for this period are 1 for Blues vs 0 for Lightning .
Shots for this period are 11 for Blues vs 3 for Lightning .
Overtime #1
0:01 of 1st overtime period - Sergei Shirokov wins face-off versus Robert Nilsson in neutral zone.
0:04 of 1st overtime period - Snap shot by Alex Pietrangelo.
0:04 of 1st overtime period - Shot Blocked by Kris Versteeg.
0:06 of 1st overtime period - Snap shot by Victor Hedman.
0:06 of 1st overtime period - Deflect By Sergei Shirokov.
0:06 of 1st overtime period - Stopped by Jaroslav Halak with a rebound.
0:08 of 1st overtime period - Slapshot by Victor Hedman.
0:08 of 1st overtime period - Stopped by Jaroslav Halak with a rebound.
0:10 of 1st overtime period - Slapshot by Victor Hedman.
0:10 of 1st overtime period - Shot Misses the Net.
0:12 of 1st overtime period - Slapshot by Alex Pietrangelo.
0:12 of 1st overtime period - Shot Misses the Net.
0:14 of 1st overtime period - Snap shot by Victor Hedman.
0:14 of 1st overtime period - Shot Misses the Net.
0:16 of 1st overtime period - Slapshot by Alex Pietrangelo.
0:16 of 1st overtime period - Stopped by Jaroslav Halak without a rebound.
0:17 of 1st overtime period - Travis Zajac wins face-off versus Robert Nilsson in Lightning zone.
0:18 of 1st overtime period - Slapshot by Alex Pietrangelo.
0:18 of 1st overtime period - Stopped by Jaroslav Halak with a rebound.
0:22 of 1st overtime period - Snap shot by Travis Zajac.
0:22 of 1st overtime period - Shot Misses the Net.
0:24 of 1st overtime period - Snap shot by Sergei Shirokov.
0:24 of 1st overtime period - Stopped by Jaroslav Halak with a rebound.
0:26 of 1st overtime period - Slapshot by Victor Hedman.
0:26 of 1st overtime period - Stopped by Jaroslav Halak with a rebound.
1:02 of 1st overtime period - Snap shot by Jordan Nolan.
1:02 of 1st overtime period - Deflect By Henrik Zetterberg.
1:02 of 1st overtime period - Stopped by Carey Price with a rebound.
1:06 of 1st overtime period - Wrist shot by Henrik Zetterberg.
1:06 of 1st overtime period - Shot Misses the Net.
2:15 of 1st overtime period - Alex Pietrangelo is hit by Henrik Zetterberg and loses puck.
2:53 of 1st overtime period - Jake Gardiner is hit by Kris Versteeg and loses puck.
3:04 of 1st overtime period - Jake Gardiner is hit by Henrik Zetterberg and loses puck.
4:25 of 1st overtime period - Icing by Victor Hedman.
4:26 of 1st overtime period - Travis Zajac wins face-off versus Robert Nilsson in Blues zone.
4:26 of 1st overtime period - Travis Zajac is hit by Brent Burns.
4:32 of 1st overtime period - Robert Nilsson is hit by Victor Hedman and loses puck.
4:51 of 1st overtime period - Jordan Nolan is hit by Nicklas Backstrom and loses puck.
4:56 of 1st overtime period - Wrist shot by Linus Omark.
4:56 of 1st overtime period - Stopped by Jaroslav Halak with a rebound.
Goals for this period are 0 for Blues vs 0 for Lightning .
Shots for this period are 7 for Blues vs 1 for Lightning .
ShootOut
5:00 of 1st overtime period - Penalty Shot by David Perron for Blues.
5:00 of 1st overtime period - Deke by David Perron.
5:00 of 1st overtime period - Goal by David Perron.
5:00 of 1st overtime period - Penalty Shot by Henrik Zetterberg for Lightning .
5:00 of 1st overtime period - Wrist shot by Henrik Zetterberg.
5:00 of 1st overtime period - Stopped by Carey Price.
5:00 of 1st overtime period - Penalty Shot by Logan Couture for Blues.
5:00 of 1st overtime period - Deke by Logan Couture.
5:00 of 1st overtime period - Goal by Logan Couture.
5:00 of 1st overtime period - Penalty Shot by Kris Versteeg for Lightning .
5:00 of 1st overtime period - Deke by Kris Versteeg.
5:00 of 1st overtime period - Goal by Kris Versteeg.
5:00 of 1st overtime period - Penalty Shot by Nicklas Backstrom for Blues.
5:00 of 1st overtime period - Wrist shot by Nicklas Backstrom.
5:00 of 1st overtime period - Shot Misses the Net.
5:00 of 1st overtime period - Penalty Shot by Robert Nilsson for Lightning .
5:00 of 1st overtime period - Snap shot by Robert Nilsson.
5:00 of 1st overtime period - Stopped by Carey Price.
Back to the Top